 Dungeon Crawl Stone Soup version 0.24-a0-22-g2a401c0 (webtiles) character file.

Game seed: 224571211440095158

0 Git the Ducker (level 1, -23/11 HPs)
             Began as a Spriggan Abyssal Knight on Feb 1, 2019.
             Was a Follower of Lugonu.
             Killed from afar by a wretched star (28 damage)
             ... with an orb of energy
             ... on level 1 of the Abyss.
             The game lasted 00:01:55 (288 turns).

Git the Ducker (Spriggan Abyssal Knight)             Turns: 288, Time: 00:01:55

Health: -23/11     AC:  2    Str:  8    XL:     1   Next: 0%
Magic:  3/3        EV: 18    Int: 13    God:    Lugonu [*.....]
Gold:   32         SH:  0    Dex: 15    Spells: 0/0 levels left

rFire    . . .     SeeInvis +   a - +1 short sword
rCold    . . .     Gourm    .   (shield restricted)
rNeg     . . .     Faith    .   b - +0 robe
rPois    .         Spirit   .   (helmet restricted)
rElec    .         Reflect  .   (no cloak)
rCorr    .         Harm     .   (gloves unavailable)
MR       .....                  (boots unavailable)
Stlth    +.........             (no amulet)
HPRegen  0.03/turn              (no ring)
MPRegen  0.08/turn              (no ring)

@: very quick
A: very small, unfitting armour, see invisible, deterioration 1, herbivore,
speed 3, slow metabolism 2
a: Depart the Abyss, Renounce Religion


You were on level 1 of the Abyss.
You worshipped Lugonu.
Lugonu was aware of your devotion.
You were not hungry.

You visited 0 branches of the dungeon, and saw 0 of its levels.
You visited the Abyss 1 time.

You collected 32 gold pieces.

Inventory:

Hand Weapons
 a - a +1 short sword (weapon)
Armour
 b - a +0 robe (worn)
Scrolls
 d - 3 scrolls of enchant weapon {unknown}
 e - a scroll of teleportation {unknown}
Comestibles
 c - 2 rations


   Skills:
 + Level 2.4 Fighting
 + Level 2.1 Short Blades
 + Level 3.5 Dodging
 + Level 1.7 Invocations


You couldn't memorise any spells.
You didn't know any spells.
Your spell library was empty.

Dungeon Overview and Level Annotations

Branches:
Dungeon (0/15)

Altars:


Innate Abilities, Weirdness & Mutations

You are very small and have problems with some larger weapons.
You are too small for most types of armour.
You have supernaturally acute eyesight. (SInv)
You are a herbivore.
You cover ground extremely quickly.
You need to consume almost no food.
Your body sometimes deteriorates upon taking damage.


Message History

A neqoxec comes into view.
An iron imp comes into view.
The neqoxec shouts!
The iron imp shouts, "Get thee hence, thou gleeking folly-fallen nobody!"
The neqoxec gestures.
Found a murky yellow potion.
An orange demon comes into view.
The orange demon screeches!
Found a gateway leading deeper into the Abyss.
Found 7 gold pieces.
Found a gateway leading deeper into the Abyss.
You now have 32 gold pieces (gained 7).
The ufetubus disappears in a puff of smoke!
A wretched star comes into view.
A starcursed mass comes into view.
A starcursed mass splits.
The wretched star glows turbulently.
The orb of energy hits you!!
Ouch! That really hurt!
You die...

.. #.# .. #
#.##.# ...#.#
#####.#..##
#.#..#..#.#
#@..#.#..#
#...#..#..#
#.#.##..#
#.##.#..#####
# .###*...# .
#. .##..# ..
##.# #.#####
#.# #. ##*...#
... #.
..*.##.4#..ยง#


You could see a wretched star.

Vanquished Creatures (others)
  4 starspawn tentacles (Abyss:1)
4 creatures vanquished.

Notes
Turn   | Place    | Note
-------+----------+-------------------------------------------
     0 | Abyss:1  | Git the Spriggan Abyssal Knight began the quest for the
                  | Orb.
     0 | Abyss:1  | Reached XP level 1. HP: 11/11 MP: 3/3
    61 | Abyss:1  | Noticed an iron imp
    62 | Abyss:1  | Noticed a lich
    72 | Abyss:1  | Noticed an apocalypse crab
    86 | Abyss:1  | Noticed a large abomination
    89 | Abyss:1  | Noticed a neqoxec
    92 | Abyss:1  | Gained mutation: Your body sometimes deteriorates upon
                  | taking damage. [a neqoxec]
    94 | Abyss:1  | Noticed a wretched star
   110 | Abyss:1  | Noticed a demonic crawler
   110 | Abyss:1  | Noticed a flying skull
   113 | Abyss:1  | Noticed an eight-headed hydra skeleton
   130 | Abyss:1  | Noticed a flayed ghost
   133 | Abyss:1  | Noticed a smoke demon
   137 | Abyss:1  | Noticed a ynoxinul
   139 | Abyss:1  | Noticed an ice devil
   198 | Abyss:1  | Noticed a death knight
   198 | Abyss:1  | Noticed a small abomination
   198 | Abyss:1  | Noticed a tentacled starspawn
   198 | Abyss:1  | Noticed a starcursed mass
   199 | Abyss:1  | Noticed a queen bee
   214 | Abyss:1  | Noticed a tentacled starspawn
   220 | Abyss:1  | Noticed a phantasmal warrior
   234 | Abyss:1  | Noticed a ynoxinul
   251 | Abyss:1  | Noticed a small abomination
   259 | Abyss:1  | Noticed a neqoxec
   260 | Abyss:1  | Noticed an iron imp
   267 | Abyss:1  | Noticed an orange demon
   274 | Abyss:1  | Noticed a large abomination
   278 | Abyss:1  | Noticed a wretched star
   282 | Abyss:1  | Noticed a starcursed mass
   288 | Abyss:1  | Killed from afar by a wretched star

Vault maps used:
Abyss:1:  evilmike_abyss_exit_10, evilmike_abyss_exit_vortex

Action                   || total
-------------------------++-------
Dodge: Dodged            ||     7

Table legend:
 A = Non-vault XP
 B = Vault XP
 C = Vault XP percentage of total XP
 D = Non-vault monster count
 E = Vault monster count
 F = Vault count percentage of total count
                 A         B        C        D         E       F
            +---------+---------+-------+---------+---------+-------
      Total |       0 |       0 |   N/A |       0 |       0 |  -nan
            +---------+---------+-------+---------+---------+-------
            +---------+---------+-------+---------+---------+-------
